 Dungeon Crawl Stone Soup version 0.25-a0-528-g6b7c99946c (webtiles) character file.

Game seed: 7836570155645933303, levelgen mode: deterministic

28143 Esekla the Thaumaturge (level 13, -3/63 HPs)
             Began as a Deep Elf Wizard on Feb 19, 2020.
             Was a High Priest of Qazlal.
             Slain by an orc warrior
             ... wielding a +0 glaive
              (24 damage)
             ... on level 1 of the Orcish Mines.
             The game lasted 03:32:28 (16491 turns).

Esekla the Thaumaturge (Deep Elf Wizard)           Turns: 16491, Time: 03:32:29

Health: -3/63      AC: 20    Str:  7    XL:     13   Next: 8%
Magic:  25/33      EV: 14    Int: 29    God:    Qazlal [*****.]
Gold:   105        SH:  7    Dex: 15    Spells: 24/40 levels left

rFire    . . .     SeeInvis .   v - +2 rapier (venom)
rCold    . . .     Gourm    .   (no shield)
rNeg     . . .     Faith    .   A - +3 troll leather armour
rPois    .         Spirit   .   b - +1 helmet {Int+3}
rElec    .         Reflect  .   g - +0 cloak
rCorr    +         Harm     .   u - +2 pair of gloves
MR       ++...                  H - +2 pair of boots
Stlth    +.........             m - amulet of the acrobat
HPRegen  0.60/turn              V - ring of resist corrosion
MPRegen  0.23/turn              (no ring)

@: protected from physical damage, very slightly contaminated, repel missiles
A: talons 1, agile 1, magic resistance 1
a: Upheaval, Elemental Force, Disaster Area, Renounce Religion


You were on level 1 of the Orcish Mines.
You worshipped Qazlal.
Qazlal was extremely pleased with you.
You were very hungry.

You visited 3 branches of the dungeon, and saw 15 of its levels.

You collected 1457 gold pieces.
You spent 1352 gold pieces at shops.

Inventory:

Hand Weapons
 s - a +4 scimitar
 t - a +0 trident of venom
 v - a +2 rapier of venom (weapon)
 y - a +2 vampiric short sword
 I - a +3 long sword
 S - a +1 falchion of protection
 T - the +6 scimitar of the Thing {freeze, rPois Int+4}
   (You bought it in a shop on level 9 of the Dungeon)

   It has been specially enchanted to freeze those struck by it, causing extra
   injury to most foes and up to half again as much damage against particularly
   susceptible opponents.
   It can also slow down cold-blooded creatures.
   It affects your intelligence (+4).
   It protects you from poison.
 Y - a +3 great sword of flaming
Missiles
 c - 8 boomerangs
 F - 48 poisoned darts (quivered)
 G - 9 silver javelins
Armour
 b - a +1 helmet of intelligence (worn)
 g - a +0 cloak (worn)
 u - a +2 pair of gloves (worn)
 A - a +3 troll leather armour (worn)
 B - a +1 leather armour of cold resistance
 H - a +2 pair of boots (worn)
 X - a +1 robe of the Archmagi
 Z - a +2 robe of magic resistance
Jewellery
 m - an amulet of the acrobat (around neck)
 V - a ring of resist corrosion (left hand)
Wands
 K - a wand of iceblast (1)
 L - a wand of flame (25)
 R - a wand of paralysis (9)
Scrolls
 a - a scroll of enchant weapon
 i - 8 scrolls of remove curse
 o - a scroll of fog
 w - 2 scrolls of magic mapping
 M - a scroll of fear
Potions
 f - 4 potions of flight
 h - 2 potions of brilliance
 l - a potion of cancellation
 n - 11 potions of curing
 q - 3 potions of magic
 r - 2 potions of heal wounds
 x - 3 potions of haste
 z - a potion of invisibility
 E - a potion of resistance
 J - a potion of berserk rage
 Q - a potion of lignification
 W - a potion of stabbing
Miscellaneous
 P - a phantom mirror
Comestibles
 d - 21 rations


   Skills:
 + Level 4.7(8.3) Short Blades
 * Level 9.8(10.2) Long Blades
 + Level 4.8 Armour
 + Level 5.6 Dodging
 - Level 4.1 Stealth
 * Level 14.2 Spellcasting
 + Level 9.1 Conjurations
   Level 1.1 Summonings
 + Level 4.3 Translocations
 + Level 4.4 Fire Magic
 + Level 5.1 Air Magic
 * Level 5.6 Earth Magic
 + Level 5.9 Poison Magic
 + Level 0.8 Evocations


You had 24 spell levels left.
You knew the following spells:

 Your Spells              Type           Power        Failure   Level  Hunger
a - Magic Dart            Conj           ####         1%          1    None
b - Blink                 Tloc           N/A          1%          2    None
c - Mephitic Cloud        Conj/Pois/Air  ######..     1%          3    None
d - Passwall              Tmut/Erth      #####...     1%          2    None
e - Lee's Rapid Deconstr  Erth           ######....   10%         5    None
f - Conjure Flame         Conj/Fire      ######..     1%          3    None

Your spell library contained the following spells:

 Spells                   Type           Power        Failure   Level  Hunger
 Sandblast                Erth           ######       1%          1    None
 Stone Arrow              Conj/Erth      ######       1%          3    None
 Call Imp                 Summ           ####....     3%          2    None
 Slow                     Hex            ###.....     5%          2    None
 Petrify                  Tmut/Erth      #####...     11%         4    None


Dungeon Overview and Level Annotations

Branches:
Dungeon (12/15)            Temple (1/1) D:4            Lair (0/6) D:8
    Orc (2/2) D:12
    Elf: Orc:2

Altars:
Cheibriados
Dithmenos
Elyvilon
Fedhas
Gozag
Hepliaklqana
Kikubaaqudgha
Makhleb
Nemelex Xobeh
Okawaru
Qazlal
Ru
Sif Muna
Trog
Uskayaw
Yredelemnul

Shops:
D:4 ?   D:9 (   D:10 [   D:12 (   Orc:2 [*((

Annotations:
D:5 Menkaure
Orc:2 Azrael


Innate Abilities, Weirdness & Mutations

You have sharp toenails.
You are agile. (Dex +2)
You are resistant to hostile enchantments. (MR+)


Message History

The orc warrior hits you but does no damage.
You climb upwards.
The orc sorcerer shouts!
The orc warrior shouts!
The orc wizard shouts!
The orc warrior shouts!
The orc shouts!
The ogre shouts!
The orc shouts!
The orc wizard shouts!
The troll shouts! 4 orcs, 2 orc warriors and 2 orc priests come into view.
The orc priest shouts!
The orc warrior shouts!
You hear a shout! x3
An orc comes into view. It is wielding a +0 club.
The orc sorcerer shouts, "You are history!"
The orc is engulfed in freezing vapours.
You kill the orc!
Qazlal accepts your kill. You block the orc warrior's attack.
An ogre comes into view. It is wielding a +0 giant club.
An ogre comes into view. It is wielding a +0 giant spiked club.
Found a +0 flail.
There is a stone staircase leading down here.
The orc shouts!
The orc warrior hits you from afar with a +0 glaive!!
You die...

##.....#
##......
.##.....#.### .
........o#..#..
.............#
#....o○○.oo.##
.....○...To..#O
......○@.o.....
......O○°o.....
........○o.o...
.........o#oo..
........... o.^
.^...###.... o.
..... ....o .
..#.. ..O...


You could see a troll, an orc sorcerer, 4 orc warriors, 3 ogres, 2 orc priests,
2 orc wizards and 6 orcs.

Vanquished Creatures
  Jorgrun (Orc:2)
  Snorg (D:12)
  An ettin (Orc:2)
  Erolcha (D:10)
  Harold (D:11)
  A centaur warrior (D:12)
  2 two-headed ogres
  3 orc high priests (Orc:2)
  A skeletal warrior (D:12)
  A deep elf mage (D:12)
  5 orc knights (Orc:2)
  5 orc sorcerers
  A manticore (D:12)
  A cyclops (D:11)
  Joseph (D:8)
  2 trolls
  A queen bee (D:10)
  Prince Ribbit (D:7)
  3 slime creatures (D:12)
  A hippogriff (D:8)
  2 wraiths
  7 yaks
  A wyvern (D:10)
  3 hungry ghosts
  Eustachio (D:6)
  Edmund (D:6)
  An acid dragon (D:11)
  3 wargs
  A water moccasin (D:9)
  18 orc warriors
  A hell hound (Orc:2)
  2 ice beasts
  A phantom (D:9)
  3 sky beasts
  2 necrophages
  13 ogres
  7 centaurs
  An elf zombie (D:7)
  A big kobold (D:10)
  10 bullfrogs
  A wyvern skeleton (D:9)
  5 scorpions
  24 killer bees
  11 wights
  3 howler monkeys (D:9)
  4 bullfrog zombies
  A crimson imp (D:7)
  4 centaur zombies
  8 hounds
  5 bullfrog skeletons
  12 orc priests
  9 jellies
  2 human skeletons (D:7)
  3 human zombies (D:7)
  An iguana (D:9)
  Ijyb (D:5)
  21 orc wizards
  5 worker ants
  A killer bee zombie (D:8)
  A hound zombie (D:9)
  2 mummies (D:7)
  5 worker ant zombies
  3 gnolls (D:5)
  11 adders
  4 shadow imps
  An adder zombie (D:9)
  An ooze (D:1)
  An adder skeleton (D:10)
  2 worms
  4 dart slugs
  6 leopard geckos
  72 orcs
  8 giant cockroaches
  7 goblins
  7 hobgoblins
  4 jackals (D:3)
  7 kobolds
  8 quokkas
  A ball python (D:2)
  3 bats
  3 frilled lizards
  A leopard gecko skeleton (D:5)
  A quokka skeleton (D:4)
  A quokka zombie (D:7)
  6 rats
404 creatures vanquished.

Vanquished Creatures (collateral kills)
  2 killer bees (D:9)
2 creatures vanquished.

Vanquished Creatures (others)
  A killer bee (D:7)
  A crimson imp (D:9)
2 creatures vanquished.

Grand Total: 408 creatures vanquished

Notes
Turn   | Place    | Note
-------+----------+-------------------------------------------
     0 | D:1      | Esekla the Deep Elf Wizard began the quest for the Orb.
     0 | D:1      | Reached XP level 1. HP: 10/10 MP: 7/7
   467 | D:1      | Reached XP level 2. HP: 15/15 MP: 7/9
   500 | D:1      | Reached skill level 5 in Spellcasting
   910 | D:2      | Learned a level 2 spell: Blink
  1002 | D:2      | Reached XP level 3. HP: 14/19 MP: 8/12
  1007 | D:2      | Learned a level 3 spell: Mephitic Cloud
  1011 | D:2      | Learned a level 3 spell: Conjure Flame
  1148 | D:2      | Found a sacrificial altar of Ru.
  1611 | D:2      | Became a worshipper of Ru the Awakened
  1679 | D:3      | Reached skill level 6 in Spellcasting
  1696 | D:3      | Reached XP level 4. HP: 24/24 MP: 9/14
  1917 | D:3      | Found a sparkling altar of Nemelex Xobeh.
  1918 | D:3      | Found an iron altar of Okawaru.
  2366 | D:4      | Noticed an ogre
  2378 | D:4      | Reached XP level 5. HP: 28/28 MP: 9/15
  2379 | D:4      | Killed an ogre
  2379 | D:4      | Reached skill level 1 in Air Magic
  2399 | D:4      | Noticed a centaur
  2408 | D:4      | Killed a centaur
  2408 | D:4      | Reached skill level 1 in Fire Magic
  2408 | D:4      | Reached skill level 1 in Poison Magic
  2489 | D:4      | Found a staircase to the Ecumenical Temple.
  2707 | D:4      | Reached XP level 6. HP: 32/32 MP: 14/17
  2942 | D:4      | Found Qaul's Magic Scroll Boutique.
  3052 | D:4      | Bought a scroll of identify for 26 gold pieces
  3462 | D:5      | Entered Level 5 of the Dungeon
  3593 | D:5      | Reached skill level 7 in Spellcasting
  3617 | D:5      | Noticed Ijyb
  3644 | D:5      | Killed Ijyb
  3744 | D:5      | Reached XP level 7. HP: 36/36 MP: 9/19
  3765 | D:5      | Noticed Menkaure
  4015 | D:5      | Reached skill level 1 in Short Blades
  4726 | Temple   | Entered the Ecumenical Temple
  4755 | Temple   | Fell from the grace of Ru
  4755 | Temple   | Became a worshipper of Qazlal Stormbringer
  5167 | D:6      | Noticed Eustachio
  5242 | D:6      | Found an opulent altar of Gozag.
  5242 | D:6      | Noticed Edmund
  5708 | D:6      | Reached skill level 8 in Spellcasting
  5730 | D:6      | Reached XP level 8. HP: 41/41 MP: 2/22
  5770 | D:6      | Reached skill level 1 in Armour
  5924 | D:6      | Killed Edmund
  6169 | D:6      | Reached skill level 1 in Long Blades
  6193 | D:6      | Reached skill level 5 in Conjurations
  6638 | D:6      | Killed Eustachio
  6718 | D:7      | Noticed Prince Ribbit
  6758 | D:7      | Reached * piety under Qazlal
  6798 | D:7      | Killed Prince Ribbit
  6798 | D:7      | Reached skill level 9 in Spellcasting
  6851 | D:7      | Reached XP level 9. HP: 36/45 MP: 13/24
  6990 | D:7      | Found a snail-covered altar of Cheibriados.
  7419 | D:7      | Found a basalt altar of Yredelemnul.
  8309 | D:8      | Found a bloodstained altar of Trog.
  8676 | D:8      | Reached ** piety under Qazlal
  8676 | D:8      | Reached skill level 10 in Spellcasting
  8838 | D:8      | Noticed Joseph
  8852 | D:8      | Noticed a troll
  8855 | D:8      | HP: 2/45 [Joseph/+1 vorpal quarterstaff (3)]
  8873 | D:8      | Killed a troll
  8888 | D:8      | HP: 1/45 [Joseph/+1 vorpal quarterstaff (2)]
  8889 | D:8      | Killed Joseph
  8889 | D:8      | Reached XP level 10. HP: 1/50 MP: 1/26
  9408 | D:8      | Found a staircase to the Lair.
 10159 | D:9      | Noticed a two-headed ogre
 10212 | D:9      | Reached *** piety under Qazlal
 10238 | D:9      | Killed a two-headed ogre
 10238 | D:9      | Reached skill level 11 in Spellcasting
 10401 | D:10     | Entered Level 10 of the Dungeon
 10593 | D:10     | Reached skill level 5 in Long Blades
 10689 | D:10     | Reached **** piety under Qazlal
 10914 | D:10     | Noticed Erolcha
 10944 | D:10     | Killed Erolcha
 10944 | D:10     | Reached XP level 11. HP: 19/54 MP: 14/28
 10975 | D:10     | Found Yddus's Armour Boutique.
 11139 | D:9      | Found Zetuwkat's Antique Weapon Shoppe.
 11256 | D:9      | Reached skill level 12 in Spellcasting
 11290 | D:9      | Bought a smoking scimitar for 243 gold pieces
 11290 | D:9      | Identified the +6 scimitar of the Thing {freeze, rPois
                  | Int+4} (You bought it in a shop on level 9 of the Dungeon)
 12024 | D:11     | Learned a level 2 spell: Passwall
 12030 | D:11     | Learned a level 5 spell: Lee's Rapid Deconstruction
 12275 | D:11     | Got a pair of distressingly furry boots
 12277 | D:11     | Identified the -4 pair of boots of the Butterfly {MR+} (You
                  | found it on level 11 of the Dungeon)
 12417 | D:11     | Reached skill level 1 in Earth Magic
 12573 | D:11     | Reached skill level 5 in Poison Magic
 12581 | D:11     | Reached ***** piety under Qazlal
 12787 | D:11     | Noticed Harold
 12806 | D:11     | Killed Harold
 13076 | D:4      | Bought a scroll of blinking for 97 gold pieces
 13670 | D:12     | Noticed a skeletal warrior
 13673 | D:12     | Noticed a deep elf mage
 13688 | D:12     | Killed a skeletal warrior
 13688 | D:12     | Reached skill level 5 in Dodging
 13696 | D:12     | Killed a deep elf mage
 13852 | D:12     | Found a staircase to the Orcish Mines.
 13862 | D:12     | Noticed Snorg
 13902 | D:12     | Killed Snorg
 13902 | D:12     | Reached XP level 12. HP: 27/59 MP: 14/30
 13978 | D:12     | Noticed a two-headed ogre
 13992 | D:12     | Noticed a centaur warrior
 13997 | D:12     | Killed a two-headed ogre
 14017 | D:12     | Killed a centaur warrior
 14041 | D:12     | Found Loopliuw's Weapon Shoppe.
 14816 | Orc:1    | Entered Level 1 of the Orcish Mines
 14998 | Orc:2    | Entered Level 2 of the Orcish Mines
 15004 | Orc:2    | Noticed an ettin
 15054 | Orc:2    | Killed an ettin
 15054 | Orc:2    | Reached skill level 13 in Spellcasting
 15103 | Orc:2    | Noticed Jorgrun
 15130 | Orc:2    | Killed Jorgrun
 15458 | Orc:2    | Paralysed by an orc sorcerer for 5 turns
 15551 | Orc:2    | Noticed an orc high priest
 15569 | Orc:2    | Killed an orc high priest
 15569 | Orc:2    | Reached skill level 5 in Air Magic
 15613 | Orc:2    | Noticed an orc high priest
 15613 | Orc:2    | Paralysed by an orc sorcerer for 4 turns
 15791 | Orc:2    | Reached skill level 5 in Earth Magic
 15886 | Orc:2    | Reached skill level 14 in Spellcasting
 15944 | Orc:2    | Killed an orc high priest
 15995 | Orc:2    | Reached XP level 13. HP: 56/63 MP: 25/33
 16190 | Orc:2    | Found Pagric's Antique Armour Emporium.
 16198 | Orc:2    | Found Houkaxot's Weapon Boutique.
 16202 | Orc:2    | Found Honiruph's Weapon Boutique.
 16204 | Orc:2    | Found Woin's Assorted Antiques.
 16234 | Orc:2    | Bought a pair of embroidered boots for 195 gold pieces
 16260 | Orc:2    | Bought a shiny helmet for 285 gold pieces
 16284 | Orc:2    | Bought a pair of runed gloves for 285 gold pieces
 16301 | Orc:2    | Bought a scroll of enchant armour for 195 gold pieces
 16301 | Orc:2    | Bought a scroll labeled WIOBRE MUUFEZE for 26 gold pieces
 16377 | Orc:2    | Gained mutation: You are resistant to hostile enchantments.
                  | (MR+) [potion of mutation]
 16377 | Orc:2    | Gained mutation: You have sharp toenails. [potion of
                  | mutation]
 16377 | Orc:2    | Gained mutation: You are agile. (Dex +2) [potion of
                  | mutation]
 16451 | Orc:2    | Noticed Azrael
 16491 | Orc:1    | Slain by an orc warrior

Levels and vault maps discovered:
D:1:      evilmike_arrival_run_for_it, layout_rooms
D:2:      layout_rooms, lemuel_round_altar
D:3:      layout_basic, chequers_temple_overflow_statue_of_worship, first_ration
D:4:      layout_layer_cave, minmay_temple_entry_statues_fountains,
          serial_shops, shop
D:5:      layout_rooms, uniq_ijyb, uniq_menkaure
D:6:      layout_basic, nicolae_gozag_seed_capital, uniq_edmund, uniq_eustachio
D:7:      layout_loops_ring, cheibrodos_worm_habitat,
          lemuel_mausoleum_altar_yredelemnul, uniq_prince_ribbit1
D:8:      wad_arrow_thing, layout_basic, grunt_ogre_cave, grunt_ministairs_5,
          trog_book, uniq_joseph
D:9:      layout_roguey [special_room_orc], serial_shops, nicolae_shop_crystal,
          kennysheep_generic_room_9
D:10:     layout_basic, serial_shops, shop, special_room [special_room_bee],
          uniq_erolcha
D:11:     layout_stronghold, chequers_arboretum, uniq_harold
D:12:     layout_loops_ring, david_orc_3, serial_shops, shop,
          chequers_serial_rivers_micro_d, hangedman_decor_diamond_cutter,
          st_stairs_3, nrook_pool_corridor, minmay_fractal_squares_5, uniq_snorg
Temple:   eino_narrow_crystal_temple
Orc:1:    layout_caves
Orc:2:    st_orc_elflike, layout_diamond_mine, uniq_azrael, uniq_jorgrun

Skill      XL: |  1  2  3  4  5  6  7  8  9 10 11 12 |
---------------+-------------------------------------+-----
Spellcasting   | 5 6 7 8 9 10 11 12 14 | 14.2
Dodging        | 3 4 5 |  5.6
Conjurations   | 2 4 5 6 8 9 |  9.1
Air Magic      | 1 2 3 4 5 |  5.1
Stealth        | 3 4 |  4.1
Fire Magic     | 1 2 3 4 |  4.4
Poison Magic   | 1 2 3 4 5 |  5.9
Translocations | 2 3 4 |  4.3
Short Blades   | 1 3 4 |  4.7
Armour         | 1 3 4 |  4.8
Long Blades    | 1 3 5 8 9 |  9.8
Earth Magic    | 3 5 |  5.6
Summonings     | |  1.1
Evocations     | |  0.8

Action                   |  1- 3 |  4- 6 |  7- 9 | 10-12 | 13-15 || total
-------------------------+-------+-------+-------+-------+-------++-------
Melee: Unarmed           |    13 |       |       |       |       ||    13
       Dagger            |    12 |    65 |    27 |       |       ||   104
       Spear             |       |     1 |    10 |       |       ||    11
       Trident           |       |       |    99 |    42 |       ||   141
       Scimitar          |       |       |   119 |   307 |    23 ||   449
       Rapier            |       |       |    19 |   183 |     6 ||   208
       Short sword       |       |       |     4 |    12 |       ||    16
       Long sword        |       |       |       |    98 |       ||    98
Throw: Dart              |     1 |    21 |    30 |   106 |     9 ||   167
       Boomerang         |       |       |     8 |       |       ||     8
       Javelin           |       |       |       |     2 |       ||     2
 Cast: Magic Dart        |    99 |    62 |   212 |   273 |     9 ||   655
       Conjure Flame     |     1 |     2 |    38 |    26 |     1 ||    68
       Mephitic Cloud    |       |     7 |    29 |   103 |     6 ||   145
       Blink             |       |     4 |    43 |    19 |     2 ||    68
Evoke: Wand              |       |       |       |     9 |     1 ||    10
  Use: Scroll            |       |     7 |     3 |    19 |     6 ||    35
       Potion            |       |       |     2 |     1 |     1 ||     4
 Stab: Sleeping          |     1 |     4 |     2 |       |       ||     7
       Confused          |       |     6 |    13 |    47 |     3 ||    69
  Eat: Chunk             |     1 |     3 |     8 |    19 |     1 ||    32
       Ration            |       |     1 |     3 |     2 |       ||     6
Armor: Robe              |    11 |    12 |       |       |       ||    23
       Leather armour    |       |     1 |    58 |       |       ||    59
       Troll leather arm |       |       |       |   158 |     9 ||   167
Dodge: Dodged            |    35 |    51 |   138 |   366 |    21 ||   611
       Deflected         |       |       |       |     3 |     2 ||     5
Block: Other             |       |       |    10 |   109 |    10 ||   129
       Rpst.: Scimitar   |       |       |    27 |    41 |     5 ||    73
       Long sword        |       |       |       |    27 |       ||    27

Table legend:
 A = Non-vault XP
 B = Vault XP
 C = Vault XP percentage of total XP
 D = Non-vault monster count
 E = Vault monster count
 F = Vault count percentage of total count
                 A         B        C        D         E       F
            +---------+---------+-------+---------+---------+-------
      Total |   20102 |   20103 |  50.0 |     288 |     119 |  29.2
            +---------+---------+-------+---------+---------+-------
        D:1 |      37 |       0 |   0.0 |      16 |       0 |   0.0
        D:2 |      44 |       0 |   0.0 |      17 |       0 |   0.0
        D:3 |     102 |       0 |   0.0 |      19 |       0 |   0.0
        D:4 |     354 |       0 |   0.0 |      10 |       0 |   0.0
        D:5 |     547 |      30 |   5.2 |      17 |       1 |   5.6
        D:6 |     867 |     360 |  29.3 |      18 |       2 |  10.0
        D:7 |     717 |    1067 |  59.8 |      23 |      14 |  37.8
        D:8 |    1221 |    1657 |  57.6 |      29 |      16 |  35.6
        D:9 |    3035 |     128 |   4.0 |      35 |      27 |  43.5
       D:10 |    1311 |    2062 |  61.1 |      18 |      16 |  47.1
       D:11 |    2848 |     976 |  25.5 |      30 |       1 |   3.2
       D:12 |    5618 |    3022 |  35.0 |      32 |      15 |  31.9
      Orc:1 |     815 |     103 |  11.2 |       4 |       1 |  20.0
      Orc:2 |    2586 |   10698 |  80.5 |      20 |      26 |  56.5
            +---------+---------+-------+---------+---------+-------
